 Dungeon Crawl Stone Soup version 0.21-a0-228-g14ccbf3 (webtiles) character file.

112092 Gorglomux the Alchemist (level 16, -1/171 HPs)
             Began as a Gnoll Transmuter on Aug 31, 2017.
             Was an Elder of Wu Jian.
             Slain by a jumping spider (13 damage)
             ... on level 2 of the Spider Nest.
             The game lasted 01:23:12 (22794 turns).

Gorglomux the Alchemist (Gnoll Transmuter)         Turns: 22794, Time: 01:23:13

Health: -1/171     AC: 25    Str:  7    XL:     16   Next: 59%
Magic:  19/34      EV: 15    Int:  7    God:    Wu Jian [****..]
Gold:   1173       SH:  5    Dex:  7    Spells: 14/44 levels left

rFire    + + .     SeeInvis .     - Unarmed
rCold    . . .     Gourm    .   (no shield)
rNeg     + . .     Faith    .   (armour currently unavailable)
rPois    ∞         Spirit   .   l - +1 hat {MR+}
rElec    +         Reflect  +   X - +0 cloak
rCorr    .         Harm     .   (gloves currently unavailable)
MR       ++...                  (boots currently unavailable)
Stlth    +.........             q - +5 amulet of reflection
HPRegen  0.38/turn              L - ring "Rimett" {rPois rF++ Str+6}
MPRegen  0.24/turn              O - ring of wizardry

@: statue-form, glowing, heavenly storm, very slow
A: unchanging attributes, fangs 1, strong nose
a: End Transformation, Serpent's Lash, Renounce Religion


You were on level 2 of the Spider Nest.
You worshipped Wu Jian.
Wu Jian was greatly pleased with you.
You were not hungry.
You were a stone statue.
You visited 5 branches of the dungeon, and saw 26 of its levels.
You also visited: Labyrinth and Bailey.

You collected 2608 gold pieces.
You spent 1435 gold pieces at shops.

Inventory:

Missiles
 a - 542 arrows
 Z - 2 throwing nets (quivered)
Armour
 h - the +2 pair of gloves "Ahexkite" (melded) {+Fly MR- Regen+ rCorr}
   (You found it in a labyrinth)

   It affects your resistance to hostile enchantments.
   It lets you fly.
   It increases your rate of regeneration.
   It protects you from acid and corrosion.
 i - a +2 troll leather armour (melded)
 l - a +1 hat of magic resistance (worn)
 n - a +0 pair of boots (melded)
 X - a +0 cloak (worn)
Jewellery
 f - an uncursed ring of protection from fire
 j - the macabre finger necklace {rN+}
   (You found it in a labyrinth)

   [amulet of nothing]

   It protects you from negative energy.
 m - an uncursed ring of protection from magic
 q - a +5 amulet of reflection (around neck)
 s - an uncursed ring of see invisible
 L - the ring "Rimett" (left hand) {rPois rF++ Str+6}
   (You bought it in a shop on level 2 of the Orcish Mines)

   [ring of poison resistance]

   It affects your strength (+6).
   It greatly protects you from fire.
   It protects you from poison.
 O - a ring of wizardry (right hand)
Wands
 D - a wand of digging (12/24)
 P - a wand of paralysis (10/24)
 S - a wand of scattershot (7/9)
Scrolls
 g - 2 scrolls of silence
 y - 7 scrolls of remove curse
 C - 2 scrolls of immolation
 H - 6 scrolls of recharging
 K - 4 scrolls of fog
 M - 6 scrolls of magic mapping
 R - 8 scrolls of identify
 T - 4 scrolls of teleportation
 U - a scroll of summoning
 V - 2 scrolls of amnesia
Potions
 e - 2 potions of berserk rage
 o - 3 potions of haste
 p - 2 potions of invisibility
 r - 2 potions of magic
 t - 2 potions of heal wounds
 v - a potion of resistance {unknown}
 w - a potion of cancellation
 F - 4 potions of flight
 G - 6 potions of ambrosia
 I - 5 potions of brilliance
 J - 6 potions of lignification
 N - 3 potions of mutation
 Q - 7 potions of curing
 Y - 5 potions of agility
Books
 b - the Incunabulum of Supportive Envenoming
   (You found it on level 13 of the Dungeon)

   Spells                             Type                      Level
   a - Summon Butterflies             Summoning                    1
   b - Call Imp                       Summoning                    2
   c - Venom Bolt                     Conjuration/Poison           5
   d - Summon Mana Viper              Hexes/Summoning              5
   e - Summon Hydra                   Summoning                    7
 u - Gorglomux's Compendium of Shape Shifting
   (You acquired it on level 13 of the Dungeon)

   Spells                             Type                      Level
   a - Ignite Poison                  Fire/Transmutation/Poison    3
   b - Irradiate                      Conjuration/Transmutation    5
   c - Hydra Form                     Transmutation                6
   d - Statue Form                    Transmutation/Earth          6
   e - Dragon Form                    Transmutation                7
 x - a book of Flames

   Spells                             Type                      Level
   a - Flame Tongue                   Conjuration/Fire             1
   b - Throw Flame                    Conjuration/Fire             2
   c - Conjure Flame                  Conjuration/Fire             3
   d - Inner Flame                    Hexes/Fire                   3
   e - Sticky Flame                   Conjuration/Fire             4
   f - Fireball                       Conjuration/Fire             5
 B - a book of Party Tricks

   Spells                             Type                      Level
   a - Summon Butterflies             Summoning                    1
   b - Apportation                    Translocation                1
   c - Lesser Beckoning               Translocation                3
   d - Tukima's Dance                 Hexes                        3
   e - Alistair's Intoxication        Transmutation/Poison         5
   f - Invisibility                   Hexes                        6
 E - a book of Misfortune

   Spells                             Type                      Level
   a - Confusing Touch                Hexes                        1
   b - Confuse                        Hexes                        3
   c - Gell's Gravitas                Translocation                3
   d - Petrify                        Transmutation/Earth          4
   e - Metabolic Englaciation         Hexes/Ice                    5
   f - Yara's Violent Unravelling     Hexes/Transmutation          5
Miscellaneous
 W - a sack of spiders
Comestibles
 d - 10 bread rations
 k - 23 fruits
 z - 4 meat rations
 A - 8 royal jellies


   Skills:
 - Level 13.9 Fighting
 - Level 14.1 Armour
 - Level 10.1 Dodging
 - Level 14.0 Unarmed Combat
 + Level 14.7 Spellcasting
 + Level 17.7 Transmutations
 - Level 3.2 Ice Magic
 - Level 8.5 Earth Magic
 - Level 3.0 Poison Magic
 - Level 10.9 Evocations


You had 14 spell levels left.
You knew the following spells:

 Your Spells              Type           Power        Failure   Level  Hunger
a - Blade Hands           Tmut           ####......   1%          5    #####..
b - Sticks to Snakes      Tmut           ####....     0%          2    None
c - Spider Form           Tmut/Pois      ###.......   1%          3    ##.....
d - Ice Form              Ice/Tmut       ###.....     1%          4    ####...
e - Dragon Form           Tmut           ####......   2%          7    #######
R - Regeneration          Chrm/Necr      #.........   12%         3    ##.....
Y - Statue Form           Tmut/Erth      ###......    2%          6    #######


Dungeon Overview and Level Annotations

Branches:
Dungeon (15/15)            Temple (1/1) D:6            Lair (6/6) D:11
  Swamp (0/4) Lair:4       Spider (2/4) Lair:2          Orc (2/2) D:10
    Elf (0/3) Orc:2        Vaults (0/5) D:13         Depths (0/5) D:15
  Slime: Lair:5-6

Altars:
Ashenzari
Cheibriados
Dithmenos
Elyvilon
Fedhas
Gozag
Hepliaklqana
Kikubaaqudgha
Makhleb
Nemelex Xobeh
Okawaru
Qazlal
Ru
Sif Muna
Trog
Uskayaw
Vehumet
Wu Jian
Xom
Yredelemnul
Zin
The Shining One
Beogh

Shops:
D:4 =*   D:11 =   D:12 [   Orc:2 (=[*[

Annotations:
Lair:5 slime, exclusion: 2 oklob plants


Innate Abilities, Weirdness & Mutations

Your physical attributes are unchanging.
You have very sharp teeth.
Your uncanny sense of smell can sniff out nearby items.


Message History

The demonic crawler hits you but does no damage!
The jumping spider pounces on you! * * * don'butt die
* * * The butt spider barely misses you!
The jumping spider closely misses you!
The jumping spider bites you but butts no damage!
You spin and attack the jumping spider!
You pummel the jumping spider like a punching bag!!!!!!!!!
You annihilate the jumping spider!!!
The Council roars: ANNIHILATED!
Butt spin and attack the demonic crawler!
You barely miss the demonic crawler!
The demonic crawler is heavily butt!
The demonic crawler hits you but does no damage!
The demonic crawler hits you! * * * don't die
* * * The demonic crawler misses you!
The jumping spider leaps!!! x2
The demonic crawler barely misses you!
The demonic crawler hits you! * * * don't die
* * * The demonic crawler misses you!
The jumping spider pounces on you!!! rip

##........# ###.(.†.....#
#.#††....#..# ###
##...†..#.#..###.##
#...#†...^#...#.#.######
#...###.............#..#
##s..##§#§§............#
##....#§§§s..>........## ∆
#s.).#§s8§§#^..........#
......#.§§§§s§§§##....#....##
#...#.#.§§§§#§§####.........#
..#.#.#$§§§§§### #.......###
........##§§## #......<#
.........§§§# ......#.###
...^......### .......####
....#......# .......#
....#....#... .<.=#..#


You could see a demonic crawler and 2 jumping spiders.

Vanquished Creatures
  Arachne (Spider:2)
  Asterion (Spider:1)
  Gastronok (Lair:1)
  Roxanne (D:15)
  2 orc warlords
  A ghost moth (Spider:2)
  2 entropy weavers (Spider:2)
  Azrael (Lair:2)
  A minotaur (Lab)
  The ghost of Ijustatesigmund the Fighter, a journeyman FoFi of Cheibriados (D:14)
  Erica (Lair:2)
  7 hydras
  2 dancing weapons (D:13)
  6 two-headed ogres
  4 centaur warriors
  A tengu warrior (D:13)
  An ogre mage (D:13)
  The ghost of Gorglomux the Thaumaturge, a novice GnTm of Okawaru (D:8)
  3 orc high priests (Orc:2)
  Nergalle (D:11)
  3 unseen horrors
  A necromancer (D:15)
  2 orb spiders (Spider:1)
  3 wizards
  A wolf spider zombie (D:15)
  4 orc sorcerers (Orc:2)
  9 wolf spiders
  10 ugly things
  5 orc knights
  A manticore (D:14)
  5 deep elf magi
  3 cyclopes
  An elephant (shapeshifter) (D:13)
  6 elephants (Lair:6)
  3 centaur zombies (D:15)
  A black mamba (Lair:4)
  Joseph (D:8)
  A naga mage (D:15)
  A gargoyle (D:14)
  5 spiny frogs
  6 komodo dragons
  A kobold demonologist (D:13)
  A yaktaur (shapeshifter) (D:13)
  A rime drake (Lair:3)
  An efreet (D:12)
  4 demonic crawlers (Spider:1)
  A tengu conjurer (D:13)
  10 trolls
  9 jumping spiders
  3 meliai (D:13)
  5 polar bears (Lair:6)
  8 hornets
  7 hippogriffs
  6 blink frogs
  A slime creature (shapeshifter) (D:13)
  4 slime creatures
  12 spriggans
  A shadow (D:13)
  29 redbacks
  5 wyverns
  3 vampires
  2 wraiths (D:13)
  31 yaks
  4 fire elementals
  6 tarantellas
  7 basilisks
  A steam dragon (Lair:4)
  12 hungry ghosts
  2 wargs (Orc:1)
  An acid dragon (D:13)
  A water moccasin (shapeshifter) (D:13)
  4 insubstantial wisps (Lair:4)
  2 soldier ants
  4 hell hounds (Spider:1)
  7 water moccasins
  9 porcupines
  41 orc warriors
  4 ice beasts
  7 black bears
  5 phantoms
  A necrophage (D:13)
  4 sky beasts
  4 boggarts (Lair:6)
  9 ogres
  10 centaurs
  26 wolves
  9 crocodiles
  A big kobold (D:8)
  20 bullfrogs
  2 gnoll sergeants
  3 wyvern skeletons
  6 scorpions
  10 killer bees
  10 wights
  An electric eel (Spider:1)
  2 howler monkeys
  8 crimson imps
  A quasit (D:11)
  23 orc priests
  29 orc wizards
  3 hounds
  A bullfrog skeleton (D:9)
  2 jellies
  9 centaur skeletons
  3 iguanas
  8 worker ants
  A killer bee zombie (D:9)
  A hound skeleton (D:4)
  A worker ant zombie (D:10)
  8 adders
  12 gnolls
  5 shadow imps
  3 adder skeletons
  2 adder zombies
  2 worms (D:2)
  The ghost of minicreteconcrete the Sneak, a weakling FoAs (D:15)
  A dart slug (D:1)
  2 leopard geckos
  110 orcs
  3 bats (D:2)
  4 giant cockroaches
  14 goblins
  3 hobgoblins
  11 jackals
  2 quokkas
  4 frilled lizards
  2 jackal skeletons
  12 kobolds
  A leopard gecko zombie (D:5)
  3 rats
  A plant (D:11)
787 creatures vanquished.

Vanquished Creatures (collateral kills)
  Rupert (D:12)
  Menkaure (D:5)
  A necrophage (D:5)
  An orc (D:10)
4 creatures vanquished.

Vanquished Creatures (others)
  A tarantella (Spider:2)
  An orc wizard (Orc:2)
  A fungus (Lair:6)
  A plant (Lair:6)
4 creatures vanquished.

Grand Total: 795 creatures vanquished

Notes
Turn   | Place    | Note
-------+----------+-------------------------------------------
     0 | D:1      | Gorglomux the Gnoll Transmuter began the quest for the Orb.
     0 | D:1      | Reached XP level 1. HP: 15/15 MP: 4/4
   130 | D:1      | Reached skill level 3 in Transmutations
   153 | D:1      | Reached XP level 2. HP: 19/21 MP: 6/6
   511 | D:1      | Reached XP level 3. HP: 11/26 MP: 7/7
   733 | D:2      | Reached skill level 4 in Transmutations
   750 | D:2      | Learned a level 2 spell: Sticks to Snakes
   754 | D:2      | Learned a level 3 spell: Spider Form
   801 | D:2      | Reached skill level 1 in Poison Magic
  1033 | D:2      | Found a basalt altar of Yredelemnul.
  1040 | D:2      | Reached XP level 4. HP: 29/32 MP: 4/8
  1048 | D:2      | Found a deep blue altar of Sif Muna.
  1048 | D:2      | Found a bloodstained altar of Trog.
  1050 | D:2      | Found a sparkling altar of Nemelex Xobeh.
  1052 | D:2      | Found a blossoming altar of Fedhas.
  1053 | D:2      | Found a sacrificial altar of Ru.
  1351 | D:3      | Reached skill level 3 in Poison Magic
  1497 | D:4      | Reached XP level 5. HP: 36/37 MP: 4/9
  1505 | D:4      | Found Xymn's Jewellery Emporium.
  1568 | D:4      | Reached skill level 5 in Transmutations
  1706 | D:4      | Found Foavy's Assorted Antiques.
  1716 | D:4      | Bought a bubbling grey potion for 24 gold pieces
  1716 | D:4      | Bought a scroll labeled HEL ESISYMN for 27 gold pieces
  1716 | D:4      | Bought a scroll labeled VORRUS XUD SOA for 27 gold pieces
  1716 | D:4      | Bought a scroll labeled JITYICL JAADI for 27 gold pieces
  1716 | D:4      | Bought a scroll labeled AWI FIEZOSH for 27 gold pieces
  1732 | D:4      | Reached skill level 6 in Unarmed Combat
  1732 | D:4      | Reached XP level 6. HP: 41/43 MP: 6/10
  1961 | D:4      | Found a sacrificial altar of Ru.
  2063 | D:5      | Entered Level 5 of the Dungeon
  2113 | D:5      | Reached skill level 6 in Transmutations
  2216 | D:5      | Noticed Menkaure
  2231 | D:5      | Killed Menkaure
  2231 | D:5      | Reached skill level 3 in Fighting
  2231 | D:5      | Reached XP level 7. HP: 19/52 MP: 3/11
  2377 | D:5      | Reached skill level 7 in Transmutations
  2554 | D:5      | Reached skill level 8 in Transmutations
  2671 | D:5      | Reached XP level 8. HP: 46/64 MP: 6/12
  2693 | D:5      | Learned a level 5 spell: Blade Hands
  2719 | D:5      | Reached skill level 6 in Fighting
  3204 | D:6      | Reached skill level 9 in Transmutations
  3335 | D:6      | Reached skill level 6 in Spellcasting
  3338 | D:6      | Reached skill level 10 in Transmutations
  3368 | D:6      | Found a staircase to the Ecumenical Temple.
  3408 | Temple   | Entered the Ecumenical Temple
  3609 | Temple   | Became a worshipper of the Wu Jian Council
  3661 | D:6      | Reached XP level 9. HP: 64/69 MP: 12/19
  4678 | D:8      | Noticed Gorglomux's ghost (novice GnTm)
  4697 | D:8      | Reached * piety under Wu Jian
  5013 | D:8      | Killed Gorglomux's ghost
  5013 | D:8      | Reached skill level 9 in Unarmed Combat
  5021 | D:8      | Reached XP level 10. HP: 67/82 MP: 17/21
  5036 | D:8      | Reached skill level 9 in Fighting
  5361 | D:8      | Noticed Joseph
  5370 | D:8      | Killed Joseph
  5947 | D:9      | Noticed a two-headed ogre
  5953 | D:9      | Killed a two-headed ogre
  6173 | D:9      | Noticed a two-headed ogre
  6178 | D:9      | Killed a two-headed ogre
  6178 | D:9      | Reached ** piety under Wu Jian
  6221 | D:9      | Reached skill level 12 in Unarmed Combat
  6312 | D:9      | Reached XP level 11. HP: 88/95 MP: 13/22
  6463 | D:9      | Reached skill level 12 in Fighting
  6681 | D:9      | Learned a level 4 spell: Ice Form
  6832 | D:9      | Reached skill level 3 in Dodging
  6923 | D:9      | Noticed a two-headed ogre
  6939 | D:9      | Killed a two-headed ogre
  7120 | D:10     | Entered Level 10 of the Dungeon
  7210 | D:10     | Reached skill level 3 in Armour
  7274 | D:10     | Found a staircase to the Orcish Mines.
  7371 | D:10     | Reached *** piety under Wu Jian
  8038 | D:11     | Found a staircase to the Lair.
  8060 | D:11     | Found a flagged portal.
  8073 | D:11     | Killed an unseen horror
  8073 | D:11     | Reached skill level 6 in Armour
  8095 | Bailey   | Entered a bailey
  8109 | Bailey   | Noticed an orc knight
  8144 | Bailey   | Noticed an orc knight
  8351 | D:11     | Noticed Nergalle
  8398 | D:11     | Reached **** piety under Wu Jian
  8410 | D:11     | Killed Nergalle
  8531 | D:11     | Found Jifoa's Jewellery Emporium.
  8545 | D:11     | Bought a +5 amulet of reflection for 618 gold pieces
  8647 | D:11     | Reached skill level 9 in Armour
  8815 | Lair:1   | Entered Level 1 of the Lair of Beasts
  9088 | Lair:1   | Noticed Gastronok
  9095 | Lair:1   | Killed Gastronok
  9095 | Lair:1   | Reached XP level 12. HP: 54/102 MP: 18/23
  9459 | Lair:1   | Reached skill level 12 in Armour
 10185 | Lair:2   | Found a hole to the Spider Nest.
 10210 | Lair:2   | Noticed Erica
 10218 | Lair:2   | Killed Erica
 10717 | Lair:3   | Got a pair of distressingly furry gloves
 10724 | Lair:3   | Reached skill level 1 in Evocations
 10730 | Lair:3   | Identified the +2 pair of gloves "Urgh" {Str+5 SInv} (You found it on level 3 of the Lair of Beasts)
 10816 | Lair:3   | Found a labyrinth entrance.
 10827 | Lab      | Entered a labyrinth
 10928 | Lab      | Reached skill level 6 in Dodging
 10931 | Lab      | Reached skill level 3 in Evocations
 10936 | Lab      | Got a slimy platinum ring
 10938 | Lab      | Identified the ring "Paiticwe" {rPois Str+5 Dex-3} (You found it in a labyrinth)
 10995 | Lab      | Noticed a minotaur
 11002 | Lab      | Found the macabre finger necklace {rN+}
 11008 | Lab      | Killed a minotaur
 11011 | Lab      | Got a polished chain mail
 11015 | Lab      | Got a pair of pitted gloves
 11026 | Lab      | Identified the +2 pair of gloves "Ahexkite" {+Fly MR- Regen+ rCorr} (You found it in a labyrinth)
 11300 | Lair:3   | Noticed a five-headed hydra
 11307 | Lair:3   | Killed a five-headed hydra
 11547 | Lair:3   | Reached skill level 6 in Evocations
 11547 | Lair:3   | Reached XP level 13. HP: 101/108 MP: 19/24
 11786 | Lair:4   | Reached ***** piety under Wu Jian
 11958 | Lair:4   | Found a staircase to the Swamp.
 12332 | Lair:5   | Reached skill level 9 in Evocations
 13481 | Lair:6   | Entered Level 6 of the Lair of Beasts
 13638 | Lair:6   | Reached skill level 1 in Ice Magic
 13675 | Lair:6   | Reached skill level 3 in Ice Magic
 13792 | Lair:6   | Paralysed by a hornet for 2 turns
 13929 | Lair:6   | Reached skill level 11 in Transmutations
 14008 | Lair:6   | Reached skill level 12 in Transmutations
 14073 | Lair:6   | HP: 2/130 [black mamba[a boggart] (18)]
 14239 | Lair:6   | Learned a level 3 spell: Regeneration
 14340 | Lair:6   | Reached XP level 14. HP: 98/116 MP: 22/25
 14367 | Lair:6   | Reached skill level 13 in Transmutations
 15320 | D:12     | Noticed Rupert
 15340 | D:12     | Killed Rupert
 15340 | D:12     | Reached skill level 9 in Dodging
 16127 | D:12     | Found Toreeplu's Antique Armour Shop.
 16196 | D:13     | Found a gate to the Vaults.
 16642 | D:13     | Identified a scroll of acquirement
 16643 | D:13     | Identified Gorglomux's Compendium of Shape Shifting (You acquired it on level 13 of the Dungeon)
 16651 | D:13     | Learned a level 6 spell: Statue Form
 16689 | D:13     | Reached skill level 1 in Earth Magic
 16796 | D:13     | Reached skill level 3 in Earth Magic
 17270 | D:13     | Identified the Incunabulum of Supportive Envenoming
 17303 | D:13     | Noticed an orc warlord
 17322 | D:13     | Killed an orc warlord
 17322 | D:13     | Reached skill level 9 in Spellcasting
 17372 | D:13     | HP: 5/142 [six-headed hydra (10)]
 17681 | D:14     | Found a stormy altar of Qazlal.
 17738 | D:14     | Reached skill level 14 in Transmutations
 17738 | D:14     | Reached XP level 15. HP: 113/125 MP: 22/28
 18022 | D:14     | Reached skill level 6 in Earth Magic
 18096 | D:14     | Noticed Ijustatesigmund's ghost (journeyman FoFi)
 18112 | D:14     | Killed Ijustatesigmund's ghost
 18676 | D:15     | Entered Level 15 of the Dungeon
 18676 | D:15     | Noticed minicreteconcrete's ghost (weakling FoAs)
 18680 | D:15     | Killed minicreteconcrete's ghost
 19018 | D:14     | Learned a level 6 spell: Hydra Form
 19082 | D:15     | Noticed Roxanne
 19124 | D:15     | Killed Roxanne
 19125 | D:15     | Identified Roxanne's Papyrus of Transformation (You took it off Roxanne on level 15 of the Dungeon)
 19566 | D:15     | Reached skill level 15 in Transmutations
 19602 | D:15     | Found a staircase to the Depths.
 19807 | D:15     | Learned a level 7 spell: Dragon Form
 19942 | Orc:1    | Entered Level 1 of the Orcish Mines
 20136 | Orc:2    | Entered Level 2 of the Orcish Mines
 20180 | Orc:2    | Found a roughly hewn altar of Beogh.
 20486 | Orc:2    | Reached skill level 12 in Spellcasting
 20488 | Orc:2    | Noticed an orc warlord
 20589 | Orc:2    | Killed an orc warlord
 20741 | Orc:2    | Found Purohuvu's Armour Shop.
 20762 | Orc:2    | Reached skill level 16 in Transmutations
 20886 | Orc:2    | Found a staircase to the Elven Halls.
 21169 | Orc:2    | Found Furu Qor's Antique Armour Shop.
 21170 | Orc:2    | Found Mynlisoj's Antique Weapon Boutique.
 21171 | Orc:2    | Found Giseilyxi's General Store.
 21171 | Orc:2    | Found Musuc's Jewellery Shop.
 21176 | Orc:2    | Bought the ring "Rimett" {rPois rF++ Str+6} for 685 gold pieces
 21262 | Orc:2    | Reached XP level 16. HP: 132/132 MP: 28/32
 21475 | Spider:1 | Entered Level 1 of the Spider Nest
 21475 | Spider:1 | Noticed Azrael
 21551 | Lair:2   | Killed Azrael
 22021 | Spider:1 | Noticed Asterion
 22036 | Spider:1 | Killed Asterion
 22036 | Spider:1 | Reached skill level 17 in Transmutations
 22772 | Spider:2 | Noticed Arachne
 22784 | Spider:2 | Killed Arachne
 22794 | Spider:2 | Slain by a jumping spider

Vault maps used:
D:1:      minmay_arrival_statue_studded
D:2:      minitemple
D:4:      serial_shops, shop, nicolae_shop_overgrown_old_shop, minivault_23,
          glass_columns_b, nicolae_ru_awakened_eye
D:5:      first_bread, uniq_menkaure
D:6:      minmay_temple_entry_statues_pillars, kennysheep_windowed_goal
D:7:      the_bakery
D:8:      uniq_joseph
D:9:      minivault_25, patterned_corridor
D:10:     hiddenorc1_lemuel
D:11:     dpeg_oklobed_lair, enter_bailey_3, serial_shops, shop,
          kennysheep_small_circle, uniq_nergalle
D:12:     serial_shops, kennysheep_mini_moat, uniq_rupert
D:13:     evilmike_diamond_1, erik_vaults_1, grunt_potential
D:14:     grunt_qazlal_clouds
D:15:     grunt_enter_depths_magical_seal, minmay_misc_feat_cross, uniq_roxanne
Temple:   eino_temple_scatter_basement
Lair:1:   grunt_megastairs_1, infiniplex_staircase_pool_2, lemuel_fruit_fields,
          uniq_gastronok
Lair:2:   spider_nest_entry_web_field, beast_lair_carwin_9, lemuel_fruit_tree,
          uniq_erica
Lair:3:   lab_entry_generic, st_stairs_10
Lair:4:   minmay_swamp_entry_wisps
Lair:5:   minmay_slime_entry_oklob_enclosed, serial_bayou_shore_a,
          infiniplex_staircase_pool
Lair:6:   minmay_lair_end_enchanted_forest, grunt_forest_small_clearing_treed
Spider:1: uniq_asterion, uniq_azrael
Spider:2: uniq_arachne
Orc:2:    st_orc_congregation, serial_shops, shop, basic_altar,
          guppyfry_library_mini
Lab:      labyrinth_mini_lab, lab_statue, labyrinth_glass_1,
          labyrinth_lava_lair, labyrinth_baited_teleportation_trap,
          nicolae_lab_plus, nicolae_lab_blocks, nicolae_lab_diamond,
          nicolae_lab_quarters
Bailey:   bailey_axe_4, bailey

Skill      XL: |  1  2  3  4  5  6  7  8  9 10 11 12 13 14 15 16 |
---------------+-------------------------------------------------+-----
Transmutations | 3 4 5 6 8 10 12 14 16 17 | 17.7
Poison Magic   | 2 3 |  3.0
Unarmed Combat | 5 6 9 12 13 14 | 14.0
Fighting       | 3 5 6 8 11 12 13 | 13.9
Spellcasting   | 6 7 9 12 14 | 14.7
Dodging        | 5 8 10 | 10.1
Armour         | 11 14 | 14.1
Evocations     | 6 10 | 10.9
Ice Magic      | 3 |  3.2
Earth Magic    | 5 8 |  8.5

Action                   |  1- 3 |  4- 6 |  7- 9 | 10-12 | 13-15 | 16-18 || total
-------------------------+-------+-------+-------+-------+-------+-------++-------
Melee: Unarmed           |   160 |   114 |   298 |   574 |  1470 |   284 ||  2900
       Headbutt          |     2 |       |       |       |       |       ||     2
       Kick              |     4 |       |       |       |       |       ||     4
       Bite              |     5 |       |     4 |    24 |    50 |    11 ||    94
       Punch             |     2 |     2 |     2 |     8 |    24 |     7 ||    45
       Tailslap          |       |       |       |       |     2 |       ||     2
 Cast: Beastly Appendage |    11 |       |       |       |       |       ||    11
       Spider Form       |     4 |    17 |    18 |       |     2 |     3 ||    44
       Sticks to Snakes  |       |     5 |     3 |     5 |     3 |     4 ||    20
       Blade Hands       |       |       |    18 |    73 |   101 |       ||   192
       Ice Form          |       |       |       |     1 |    13 |       ||    14
       Statue Form       |       |       |       |       |     6 |    15 ||    21
       Dragon Form       |       |       |       |       |     4 |     3 ||     7
       Hydra Form        |       |       |       |       |     3 |       ||     3
       Regeneration      |       |       |       |       |       |     3 ||     3
Invok: Serpent's Lash    |       |       |       |     1 |    15 |     3 ||    19
       Heavenly Storm    |       |       |       |       |     2 |     1 ||     3
 Abil: End Transformatio |       |       |       |       |     7 |       ||     7
       Breathe Fire      |       |       |       |       |     2 |     3 ||     5
Evoke: Wand              |       |       |       |     2 |     8 |       ||    10
       Sack of spiders   |       |       |       |       |     2 |       ||     2
  Use: Scroll            |       |    10 |       |    22 |    16 |     1 ||    49
       Potion            |       |       |       |       |    13 |       ||    13
 Stab: Paralysed         |       |       |       |       |     4 |       ||     4
  Eat: Chunk             |     2 |     6 |    15 |    43 |    63 |     7 ||   136
       Fruit             |       |       |     2 |     3 |     3 |       ||     8
       Meat ration       |       |       |     1 |     2 |     3 |     2 ||     8
       Royal jelly       |       |       |     1 |       |       |       ||     1
Armor: Robe              |    13 |     5 |    24 |    34 |       |       ||    76
       Skin              |     1 |     2 |     9 |     1 |   109 |   236 ||   358
       Troll leather arm |       |       |       |    84 |   266 |     8 ||   358
Dodge: Dodged            |    89 |    76 |   196 |   250 |   625 |   299 ||  1535
Block: Other             |       |       |       |    26 |   236 |    89 ||   351
       Reflection        |       |       |       |     1 |     7 |     1 ||     9

Table legend:
 A = Spawn XP
 B = Non-spawn XP
 C = Spawn XP percentage of total XP
 D = Spawn monster count
 E = Non-spawn monster count
 F = Spawn count percentage of total count
 G = Total turns spent on level
                    A         B        C        D         E        F      G
               +---------+---------+-------+---------+---------+-------+---------
         Total |   10786 |  149346 |   6.7 |      61 |     729 |   7.7 | 22794
               +---------+---------+-------+---------+---------+-------+---------
           D:1 |       0 |      39 |   0.0 |       0 |      22 |   0.0 |   600
           D:2 |       6 |      52 |  10.3 |       2 |      15 |  11.8 |   636
           D:3 |      13 |      10 |  56.5 |       1 |       5 |  16.7 |   246
           D:4 |       0 |     285 |   0.0 |       0 |      17 |   0.0 |   611
           D:5 |     241 |     673 |  26.4 |       8 |      18 |  30.8 |   756
           D:6 |       0 |    1059 |   0.0 |       0 |      26 |   0.0 |   831
           D:7 |     124 |    1035 |  10.7 |       1 |      16 |   5.9 |   968
           D:8 |       0 |    2694 |   0.0 |       0 |      34 |   0.0 |   849
           D:9 |    1219 |    3785 |  24.4 |      12 |      23 |  34.3 |  1412
          D:10 |       0 |    1720 |   0.0 |       0 |      39 |   0.0 |   946
          D:11 |     301 |    3006 |   9.1 |       1 |      22 |   4.3 |   785
          D:12 |     989 |    4674 |  17.5 |       1 |      15 |   6.2 |  1154
          D:13 |     460 |   22098 |   2.0 |       7 |      66 |   9.6 |  1442
          D:14 |     531 |    6637 |   7.4 |       2 |      17 |  10.5 |  1169
          D:15 |    3128 |   16907 |  15.6 |       7 |      39 |  15.2 |  1069
        Lair:1 |     357 |    4224 |   7.8 |       2 |      13 |  13.3 |  1140
        Lair:2 |     279 |    7158 |   3.8 |       2 |      26 |   7.1 |   961
        Lair:3 |     285 |    2592 |   9.9 |       2 |       9 |  18.2 |   752
        Lair:4 |     452 |    2880 |  13.6 |       1 |      14 |   6.7 |   609
        Lair:5 |     265 |    6746 |   3.8 |       1 |      30 |   3.2 |  1384
        Lair:6 |     111 |   14172 |   0.8 |       1 |      60 |   1.6 |  1323
      Spider:1 |    1095 |   13855 |   7.3 |       4 |      40 |   9.1 |  1026
      Spider:2 |       0 |   13025 |   0.0 |       0 |      23 |   0.0 |   194
         Orc:1 |       0 |    1544 |   0.0 |       0 |      16 |   0.0 |   253
         Orc:2 |     930 |   15524 |   5.7 |       6 |     113 |   5.0 |  1173
           Lab |       0 |    2952 |   0.0 |       0 |      11 |   0.0 |   224
               +---------+---------+-------+---------+---------+-------+---------
